[Event "MČR juniorů a juniorek v rapid šachu 2024"]
[Site "Hotel Fit Fun, Harrachov, Czech Republic"]
[Date "2024.09.21"]
[Round "2.20"]
[White "Boff Vojtech"]
[Black "Slaby Matej"]
[Result "1/2-1/2"]
[TimeControl "20+5"]
[WhiteFideId "23733969"]
[BlackFideId "23734876"]
[WhiteElo "1719"]
[BlackElo "1948"]

1. d4 Nf6 2. Nf3 e6 3. c4 Bb4+ 4. Nbd2 c5 5. a3 Bxd2+ 6. Bxd2 cxd4 7. Nxd4 d5 8. cxd5 Qxd5 9. Bc3 Ne4 10.
Rc1 O-O 11. e3 Nxc3 12. Rxc3 Bd7 13. Qf3 Qxf3 14. Nxf3 Nc6 15. Bd3 Rfd8 16. Ke2 Be8 17. Rd1 f6 18. Bc4 Bf7 19. Rcd3 e5 20.
Bxf7+ Kxf7 21. Rd7+ Kf8 22. Rxb7 Rxd1 23. Kxd1 Rd8+ 24. Ke2 a5 25. b4 axb4 26. axb4 Ra8 27. Nd2 Ra4 28. b5 Nd8 29. Rd7 Ne6 30. b6 Rb4 31. Rd6 Ke7 32. Rc6 Kd7 33. Rc4 Rxb6 34.
Rh4 h6 35. Ra4 Rb7 36. Ra2 Rc7 37. Ne4 f5 38. Rd2+ Ke7 39. Nd6 g6 40. Nb5 Rb7 41. Nc3 Nc5 42. Rd5 Rb2+ 43. Rd2 Rxd2+ 44. Kxd2 Ke6 45. Ke2 g5 46. f3 h5 47. e4 g4 48. exf5+ Kxf5 49. Nd1 Ne6 50. Ne3+ Kg5 51. Nc4 Nd4+ 52. Ke3 gxf3 53. gxf3 Kf5 54.
Nd6+ Ke6 55. Ne8 Nf5+ 56. Ke4 h4 57. Nc7+ Kf6 58. Nd5+ Ke6 59. Nc7+ Kf6 60. Nd5+ Ke6 1/2-1/2



[ePGN "0.1;DGT LiveChess/2.2.6"]

[Event "MČR juniorů a juniorek v rapid šachu 2024"]
[Site "Hotel Fit Fun, Harrachov, Czech Republic"]
[Date "2024.09.21"]
[Round "2.21"]
[White "Martinkovic Adam"]
[Black "Andrle Filip"]
[Result "1/2-1/2"]
[TimeControl "20+5"]
[WhiteFideId "23728019"]
[BlackFideId "23718749"]
[WhiteElo "1841"]
[BlackElo "1789"]

1. d4 Nf6 2. Nf3 e6 3. c4 Bb4+ 4. Bd2 Qe7 5. a3 Bxd2+ 6. Nbxd2 d5 7. g3 b6 8. Bg2 Bb7 9. Ne5 Nbd7 10.
f4 O-O 11. O-O Nxe5 12. fxe5 Ng4 13. Qb3 Qg5 14. Rf4 dxc4 15. Nxc4 Bxg2 16. Kxg2 c5 17. Qf3 Nh6 18. e3 cxd4 19.
exd4 Rac8 20. b3 Nf5 21. Rg4 Qe7 22. Ne3 Nxe3+ 23. Qxe3 Rc2+ 24. Kg1 Qb7 25. Rxg7+ Kxg7 26. Qg5+ 1/2-1/2



[ePGN "0.1;DGT LiveChess/2.2.6"]

[Event "MČR juniorů a juniorek v rapid šachu 2024"]
[Site "Hotel Fit Fun, Harrachov, Czech Republic"]
[Date "2024.09.21"]
[Round "2.22"]
[White "Jun Rostislav"]
[Black "Jun Rudolf"]
[Result "0-1"]
[TimeControl "20+5"]
[WhiteFideId "23719524"]
[BlackFideId "376612"]
[WhiteElo "1641"]
[BlackElo "2142"]

1. e4 c5 2. Nf3 Nc6 3. d4 cxd4 4. Nxd4 Nf6 5. Nc3 e5 6. Ndb5 d6 7. Bg5 a6 8. Na3 b5 9. Nd5 Be7 10. Bxf6 Bxf6 11. c3 O-O 12. Nc2 Bg5 13. Be2 Be6 14. O-O g6 15. Bf3 Ne7 16. Nxe7+ Qxe7 17. Nb4 a5 18. Nd5 Qb7 19. Re1 Bxd5 20.
exd5 f5 21. Be2 b4 22. c4 Qb6 23.
b3 e4 24. Qc2 Qc5 25. Qd1 Bh4 26. g3 Bf6 27. Rb1 f4 28. Bf1 fxg3 29. hxg3 Bd4 30. Rxe4 Bxf2+ 31. Kh1 Rae8 32. Qg4 Rxe4 33.
Qxe4 Bxg3 34. Bh3 Be5 35. Rg1 Kg7 36. Bf5 Rxf5 0-1



[ePGN "0.1;DGT LiveChess/2.2.6"]

[Event "MČR juniorů a juniorek v rapid šachu 2024"]
[Site "Hotel Fit Fun, Harrachov, Czech Republic"]
[Date "2024.09.21"]
[Round "2.23"]
[White "Garabik Marek"]
[Black "Vratil Tomas"]
[Result "1-0"]
[TimeControl "20+5"]
[WhiteFideId "23717742"]
[BlackFideId "23756870"]
[WhiteElo "1933"]
[BlackElo "1671"]

1. e4 c6 2. d4 d5 3. exd5 cxd5 4. Bd3 Nc6 5. c3 Nf6 6. Bf4 Qb6 7. Qb3 Qxb3 8. axb3 e6 9. Nd2 Be7 10. Ngf3 O-O 11. O-O Bd7 12.
h3 h6 13. Bg3 Rac8 14. Ne5 Nxe5 15. dxe5 Nh5 16. Bh2 g6 17. Rxa7 Bc6 18. Raa1 f5 19. Nf3 Kh8 20. Nd4 Bd7 21.
Be2 Ng7 22. Bf4 g5 23. Bd2 f4 24. g4 fxg3 25. fxg3 Bc5 26. g4 Kg8 27. Bd3 Be8 28.
b4 Bb6 29. Kg2 Rc7 30. Rxf8+ Kxf8 31. Rf1+ Kg8 32. Be3 Rf7 33. Ra1 Bd8 34. Ra8 Bb6 35. Ra1 Bc7 36. Nf3 Bd8 37. Bc5 h5 38.
Ra8 hxg4 39. hxg4 Bc7 40. Bg6 Re7 41. Bxe7 1-0



[ePGN "0.1;DGT LiveChess/2.2.6"]

[Event "MČR juniorů a juniorek v rapid šachu 2024"]
[Site "Hotel Fit Fun, Harrachov, Czech Republic"]
[Date "2024.09.21"]
[Round "2.24"]
[White "Stejskal Michal"]
[Black "Slivova Linda"]
[Result "1-0"]
[TimeControl "20+5"]
[WhiteFideId "398195"]
[BlackFideId "23709294"]
[WhiteElo "1926"]
[BlackElo "1630"]

1. e4 d5 2. exd5 Qxd5 3. Nc3 Qd6 4.
d4 Nf6 5. Be3 c6 6. Be2 Bf5 7. Bf3 e6 8. Nge2 Qc7 9. Qd2 Nbd7 10. O-O Bd6 11. Ng3 Bg6 12. Rfe1 O-O 13. Nce2 Nd5 14.
c4 Bb4 15. Nc3 Nxe3 16. Qxe3 Rad8 17. a3 Bd6 18. Rad1 Bc2 19. Ra1 Bf4 20. Qe2 Bg6 21. d5 exd5 22. cxd5 c5 23. Rad1 Ne5 24.
Be4 f5 25. d6 Qd7 26. Bd5+ Kh8 27. Bb3 Bf7 28. Ba4 Qe6 29. d7 Qb6 30. Nxf5 Bc4 31. Qe4 Bd3 32. Rxd3 Nxd3 33. Qxd3 Qxb2 34.
Nd5 Bd2 35. Rb1 Qe5 36. Ng3 Bg5 37. Qe4 Qd6 38. Bc2 g6 39. Ba4 b6 40. h4 Bh6 41. Re1 Bg7 42. Qe6 Qf4 43. Nxf4 1-0



[ePGN "0.1;DGT LiveChess/2.2.6"]

[Event "MČR juniorů a juniorek v rapid šachu 2024"]
[Site "Hotel Fit Fun, Harrachov, Czech Republic"]
[Date "2024.09.21"]
[Round "2.25"]
[White "Plzak David"]
[Black "Sulcova Tereza Radmila"]
[Result "0-1"]
[TimeControl "20+5"]
[WhiteFideId "23776234"]
[BlackFideId "395196"]
[WhiteElo "1625"]
[BlackElo "1800"]

1. e4 g6 2. d4 Nf6 3. Nc3 d5 4.
e5 Nh5 5. Be2 Ng7 6. Bh6 c6 7.
Qd2 Nd7 8. h4 Nf5 9. Bxf8 Nxf8 10. g4 Ng7 11. h5 gxh5 12. gxh5 Nf5 13. Nf3 Ne6 14. O-O-O Qa5 15. Qd3 Nf4 16.
Qd2 Nxe2+ 17. Qxe2 b5 18. a3 b4 19. axb4 Qxb4 20. Ng5 Rb8 21. e6 fxe6 22. Nxe6 Bxe6 23. Qxe6 Qxb2+ 24. Kd2 Nxd4 25.
Ke1 Qxc3+ 26. Kf1 Nxe6 0-1



[ePGN "0.1;DGT LiveChess/2.2.6"]

[Event "MČR juniorů a juniorek v rapid šachu 2024"]
[Site "Hotel Fit Fun, Harrachov, Czech Republic"]
[Date "2024.09.21"]
[Round "2.26"]
[White "Stara Zuzana"]
[Black "Dufkova Tereza"]
[Result "1-0"]
[TimeControl "20+5"]
[WhiteFideId "23733543"]
[BlackFideId "23744383"]
[WhiteElo "1796"]
[BlackElo "1601"]

1. e4 d5 2. exd5 Nf6 3. Nf3 Nxd5 4. d4 Nc6 5. c4 Nf6 6. Be2 Bg4 7. Be3 e6 8. O-O Bh5 9. h3 Qd7 10.
Nc3 O-O-O 11. Qb3 Bg6 12. a3 Be7 13. Qa4 a6 14. b4 Ne4 15. Nxe4 Bxe4 16. Rfd1 Na7 17. Qb3 Bc6 18. Ne5 Qe8 19.
a4 f6 20. Nf3 e5 21. d5 Bd7 22. Bxa7 b6 23. c5 Kb7 24. c6+ Kxa7 25. cxd7 Rxd7 26. Nd2 g5 27. Bg4 Rd6 28. Ne4 Rd8 29. Qc4 Rc8 30. Be2 f5 31. Qxa6+ Kb8 32. Bb5 c6 33. Qxb6+ Ka8 34.
Bxc6+ Rxc6 35. dxc6 1-0



[ePGN "0.1;DGT LiveChess/2.2.6"]

[Event "MČR juniorů a juniorek v rapid šachu 2024"]
[Site "Hotel Fit Fun, Harrachov, Czech Republic"]
[Date "2024.09.21"]
[Round "2.27"]
[White "Housa Jan"]
[Black "Vondra Filip"]
[Result "0-1"]
[TimeControl "20+5"]
[WhiteFideId "23736356"]
[BlackFideId "23725176"]
[WhiteElo "1788"]
[BlackElo "1598"]

1. d4 d5 2. c4 e6 3. Nf3 c5 4. cxd5 exd5 5. Nc3 Nc6 6.
e3 Nf6 7. Be2 Bg4 8. O-O Be7 9. b3 O-O 10. Bb2 Rc8 11. Rc1 b6 12. Ne5 Bxe2 13.
Nxe2 Nxe5 14. dxe5 Ne4 15. Nf4 d4 16. exd4 Bg5 17. Qg4 f5 18. exf6 Qxf6 19. Nh5 Qh6 20. dxc5 Bxc1 21. Rxc1 Nxf2 22. Qc4+ Rf7 23. Rf1 Qe3 24. Bd4 Nh3+ 25. Kh1 Nf2+ 26. Rxf2 Qe1+ 27. Rf1 Qxf1+ 28. Qxf1 Rxf1+ 29. Bg1 Re8 30. Ng3 Rc1 31. h3 Ree1 32. Kh2 Rxg1 33.
Ne2 Rge1 0-1



[ePGN "0.1;DGT LiveChess/2.2.6"]

[Event "MČR juniorů a juniorek v rapid šachu 2024"]
[Site "Hotel Fit Fun, Harrachov, Czech Republic"]
[Date "2024.09.21"]
[Round "2.28"]
[White "Taborska Aneta"]
[Black "Nagyova Daniela"]
[Result "0-1"]
[TimeControl "20+5"]
[WhiteFideId "23733039"]
[BlackFideId "390070"]
[WhiteElo "1582"]
[BlackElo "1787"]

1. d4 Nf6 2. Nf3 e6 3. e3 Be7 4.
Bd3 d5 5. Qe2 Nbd7 6. Nbd2 c5 7. c3 O-O 8. O-O b6 9. e4 dxe4 10. Nxe4 Bb7 11. Nxf6+ Nxf6 12. Rd1 Qc7 13. Be3 Ng4 14.
Ne5 Nxe5 15. dxe5 Qxe5 16. Rd2 Rfd8 17. Rad1 Kh8 18. Qg4 Qf6 19. Qh3 h6 20. Qg3 Bd6 21. Qg4 Be7 22. Bf4 e5 23.
Be3 Rd6 24. Qh3 Rad8 25. a3 e4 26. Be2 Rxd2 27. Rxd2 Rxd2 28. Bxd2 Qd6 29. Qe3 Bg5 30. f4 exf3 31. Bxf3 Bxe3+ 0-1



[ePGN "0.1;DGT LiveChess/2.2.6"]

[Event "MČR juniorů a juniorek v rapid šachu 2024"]
[Site "Hotel Fit Fun, Harrachov, Czech Republic"]
[Date "2024.09.21"]
[Round "2.29"]
[White "Hrazdira Matyas Josef"]
[Black "Macova Marketa"]
[Result "1-0"]
[TimeControl "20+5"]
[WhiteFideId "23732954"]
[BlackFideId "23715588"]
[WhiteElo "1786"]
[BlackElo "1587"]

1. e4 e5 2. Nf3 Nc6 3. Bb5 Nf6 4. O-O Bc5 5. d3 d6 6. h3 Bd7 7. c3 O-O 8. Re1 Qe7 9. Nbd2 a6 10.
Ba4 Rfe8 11. Nf1 b5 12. Bc2 Rad8 13. a4 b4 14. d4 exd4 15. cxd4 Bb6 16. Ng3 Bc8 17. Qd3 Qd7 18. Bg5 Qe7 19.
Nh5 h6 20. Nxf6+ gxf6 21. e5 Kf8 22. Bxh6+ 1-0



[ePGN "0.1;DGT LiveChess/2.2.6"]

[Event "MČR juniorů a juniorek v rapid šachu 2024"]
[Site "Hotel Fit Fun, Harrachov, Czech Republic"]
[Date "2024.09.21"]
[Round "2.3"]
[White "Siles Jan"]
[Black "Skypala Ondrej"]
[Result "0-1"]
[TimeControl "20+5"]
[WhiteFideId "23715405"]
[BlackFideId "366285"]
[WhiteElo "1873"]
[BlackElo "2033"]

1. d4 Nf6 2. Nf3 d5 3. e3 e6 4. Bd3 c5 5. c3 Nbd7 6. Nbd2 Bd6 7. O-O O-O 8. Re1 e5 9. dxe5 Nxe5 10.
Nxe5 Bxe5 11. e4 d4 12. Nf3 Bg4 13. Bd2 dxc3 14. Bxc3 Bxc3 15. bxc3 Re8 16. h3 Bh5 17. e5 Nd5 18.
Bc4 Nb6 19. Bd3 Nd5 20. Bc4 Nf4 21. Qb3 Bxf3 22. Bxf7+ Kh8 23. c4 Nxh3+ 24. Kf1 Rf8 25. Qxf3 Ng5 26. Qxb7 Rxf7 0-1



[ePGN "0.1;DGT LiveChess/2.2.6"]

[Event "MČR juniorů a juniorek v rapid šachu 2024"]
[Site "Hotel Fit Fun, Harrachov, Czech Republic"]
[Date "2024.09.21"]
[Round "2.30"]
[White "Dorazilova Kristyna"]
[Black "Hudik Martin"]
[Result "1/2-1/2"]
[TimeControl "20+5"]
[WhiteFideId "23739142"]
[BlackFideId "23769947"]
[WhiteElo "1771"]
[BlackElo "1572"]

1. e4 c5 2. Nc3 Nc6 3. Bb5 d6 4.
Bxc6+ bxc6 5. f4 Nf6 6. Nf3 Bg4 7. O-O e6 8. h3 Bxf3 9. Rxf3 d5 10. e5 Nd7 11. d3 Be7 12. Qe1 O-O 13.
b3 f6 14. exf6 Bxf6 15. Qxe6+ Kh8 16. Bb2 Qc7 17. Na4 Rae8 18. Qg4 Bxb2 19. Nxb2 Nf6 20. Qg3 Nh5 21. Qf2 Rxf4 22.
Rxf4 Qxf4 23. Rf1 Rf8 24. Qxf4 Nxf4 25. Kh2 Ng6 26. Re1 Kg8 27. Re2 Nf4 28. Rf2 Ne6 29. Re2 Nf4 30. Re7 Rf7 31.
Re8+ Rf8 32. Re1 Rf6 33. Na4 Ne6 34. Kg1 Kf7 35. Re2 h6 36. Rf2 Rxf2 37. Kxf2 Kf6 38. Nc3 Ke5 39. Ne2 g5 40. g3 Nd4 41. c3 Nxe2 42.
Kxe2 h5 43. Kf3 d4 44. c4 a6 45. g4 h4 46. a3 a5 47. a4 Kf6 48. Ke4 Ke6 49. Kf3 Ke5 50. Kf2 Kf4 1/2-1/2



[ePGN "0.1;DGT LiveChess/2.2.6"]

[Event "MČR juniorů a juniorek v rapid šachu 2024"]
[Site "Hotel Fit Fun, Harrachov, Czech Republic"]
[Date "2024.09.21"]
[Round "2.31"]
[White "Hyam Robin"]
[Black "Fousek Petr"]
[Result "1-0"]
[TimeControl "20+5"]
[WhiteFideId "23773413"]
[BlackFideId "23736003"]
[WhiteElo "1571"]
[BlackElo "1731"]

1. e4 c5 2. a3 e6 3. b4 d6 4. Nf3 Nf6 5. Nc3 Nc6 6. b5 Nd4 7. a4 b6 8. Bd3 Bb7 9. O-O Be7 10.
Re1 O-O 11. Nxd4 cxd4 12. Ne2 e5 13. Ng3 Nd7 14. Ba3 Rc8 15. Nf5 Nc5 16. Nxe7+ Qxe7 17. Bxc5 dxc5 18. Bc4 Kh8 19. Qg4 Rcd8 20. a5 Rd6 21.
axb6 axb6 22. Ra7 Rg6 23. Qh3 Kg8 24. Rea1 Rd6 25. Bd5 Rd7 26. Bxb7 Rxb7 27. Qa3 Rxa7 28. Qxa7 Qxa7 29. Rxa7 Rb8 30. Kf1 h6 31. Ke2 f6 32. Kd3 Kh7 33. Kc4 Rd8 34.
Rc7 Kg6 35. Rc6 Rb8 36. Kd5 Rd8+ 37. Rd6 Rb8 38. Kc6 Kf7 39. Kc7 Ra8 40. Rxb6 Ra2 41. Rd6 Rxc2 42. b6 Rxd2 43. b7 Rb2 44. Rb6 Rxb6 45. Kxb6 d3 46. b8=Q d2 47. Qc7+ Kg6 48.
Qd6 1-0



[ePGN "0.1;DGT LiveChess/2.2.6"]

[Event "MČR juniorů a juniorek v rapid šachu 2024"]
[Site "Hotel Fit Fun, Harrachov, Czech Republic"]
[Date "2024.09.21"]
[Round "2.32"]
[White "Kopecka Libuse"]
[Black "Tichy Richard"]
[Result "1/2-1/2"]
[TimeControl "20+5"]
[WhiteFideId "23748826"]
[BlackFideId "23727063"]
[WhiteElo "1496"]
[BlackElo "1698"]

1. e4 e5 2. Nf3 Nf6 3. Nc3 Nc6 4. Bb5 a6 5. Bxc6 dxc6 6. d3 Bc5 7. O-O O-O 8. Nxe5 Bd4 9. Nf3 Bg4 10.
h3 Bh5 11. Qe2 Re8 12. Be3 c5 13. Rab1 b5 14. Bxd4 cxd4 15. Nd1 c5 16. c3 Rc8 17. a3 a5 18. g4 Bg6 19. b4 dxc3 20.
Nxc3 cxb4 21. Nxb5 Rb8 22. a4 h5 23. Nfd4 hxg4 24. hxg4 Nd5 25. Nc6 Qb6 26. Nxb8 Qxb8 27. Qd2 1/2-1/2



[ePGN "0.1;DGT LiveChess/2.2.6"]

[Event "MČR juniorů a juniorek v rapid šachu 2024"]
[Site "Hotel Fit Fun, Harrachov, Czech Republic"]
[Date "2024.09.21"]
[Round "2.33"]
[White "Martinkovicova Nela"]
[Black "Budil Vaclav"]
[Result "0-1"]
[TimeControl "20+5"]
[WhiteFideId "23715596"]
[BlackFideId "23776226"]
[WhiteElo "1446"]
[BlackElo "1697"]

1. e4 c5 2. c4 Nc6 3. Nc3 g6 4. g3 Bg7 5. Bg2 d6 6. d3 Nf6 7. f4 O-O 8. Nge2 Re8 9. O-O a6 10.
Be3 Bg4 11. Qd2 Nd7 12. h3 Bxe2 13. Qxe2 Qa5 14. Bd2 Nd4 15. Qd1 Qd8 16. Rb1 e6 17. Ne2 b5 18. b3 Rb8 19. Nxd4 Bxd4+ 20. Kh1 f5 21. Qc1 b4 22. Be3 Bg7 23. Qc2 Qc7 24. Rbe1 Nb6 25. Bd2 Red8 26. exf5 exf5 27. Re6 Re8 28.
Rfe1 Rxe6 29. Rxe6 Qd7 30. Re1 Re8 31. Kh2 Bd4 32. Rxe8+ Qxe8 33. Qd1 a5 34. Qe1 Qxe1 35. Bxe1 Be3 36.
Bh1 Kf7 37. Kg2 Ke6 38. Bf2 Bxf2 39. Kxf2 d5 40. Ke3 h6 41. g4 d4+ 42. Kf3 a4 43. Kg3 axb3 44. axb3 Na4 45. Bd5+ Kf6 46.
Kf3 fxg4+ 47. hxg4 Nb6 48. Bc6 Nc8 49.
Bb7 Ne7 50. Ke4 h5 51. gxh5 gxh5 52. Kf3 Nf5 53. Be4 Kg6 54. Kg2 Kf6 55. Kh3 Ng7 56. Kh4 Ke6 57. Kg3 Ke7 58. Kf3 Kf6 59.
Kg3 Nf5+ 60. Kf3 Ne3 61. Kg3 Kg7 62. Kh4 Kh6 63. Kg3 Nf1+ 64.
Kh4 Nd2 65. Kh3 Nxb3 66. Kh4 Nd2 67. Bg2 b3 68. f5 b2 69. f6 b1=Q 70. f7 Qe1+ 71. Kh3 Qe3+ 72. Kh2 Qf4+ 73.
Kg1 Qxf7 0-1



[ePGN "0.1;DGT LiveChess/2.2.6"]

[Event "MČR juniorů a juniorek v rapid šachu 2024"]
[Site "Hotel Fit Fun, Harrachov, Czech Republic"]
[Date "2024.09.21"]
[Round "2.34"]
[White "Pes Matej"]
[Black "Zadrapova Gabriela"]
[Result "1-0"]
[TimeControl "20+5"]
[WhiteFideId "23766816"]
[BlackFideId "23753056"]
[WhiteElo "1697"]
[BlackElo "1456"]

1. e4 e5 2. f4 d6 3. Nf3 Nc6 4. Bb5 exf4 5. d4 a6 6. Bxc6+ bxc6 7. Bxf4 Be7 8. O-O Nf6 9. Nc3 O-O 10. Qe1 Rb8 11. b3 Re8 12.
e5 dxe5 13. dxe5 Nd5 14. Rd1 Be6 15. Ne4 Qc8 16. Bg5 Bb4 17. Qg3 Bg4 18. h3 Bh5 19. c4 Nc3 20. Nxc3 Bxc3 21. Bh6 Bg6 22.
Bd2 Bxd2 23. Rxd2 Qe6 24. Re1 Bh5 25. Nd4 Qd7 26. Qh4 Bg6 27. Rde2 Rbd8 28. Nf3 Qf5 29. e6 Bh5 30. Re5 1-0



[ePGN "0.1;DGT LiveChess/2.2.6"]

[Event "MČR juniorů a juniorek v rapid šachu 2024"]
[Site "Hotel Fit Fun, Harrachov, Czech Republic"]
[Date "2024.09.21"]
[Round "2.35"]
[White "Marxova Sarka"]
[Black "Kopecka Anna"]
[Result "1-0"]
[TimeControl "20+5"]
[WhiteFideId "23701862"]
[BlackFideId "23767740"]
[WhiteElo "1684"]
[BlackElo "1431"]

1. e4 c5 2. Nf3 Nc6 3. d4 cxd4 4.
Nxd4 Nf6 5. Nc3 g6 6. Be3 Bg7 7. f3 O-O 8. Bc4 d6 9. Qd2 Bd7 10. Nxc6 Bxc6 11. Bh6 Bxh6 12. Qxh6 Rc8 13.
Bd3 e6 14. h4 Kh8 15. g4 Qa5 16. h5 Ng8 17. Qd2 Qb4 18. O-O-O Qd4 19. Rh3 d5 20. Rdh1 Nf6 21. hxg6 fxg6 22.
Rh6 1-0



[ePGN "0.1;DGT LiveChess/2.2.6"]

[Event "MČR juniorů a juniorek v rapid šachu 2024"]
[Site "Hotel Fit Fun, Harrachov, Czech Republic"]
[Date "2024.09.21"]
[Round "2.36"]
[White "Vyslysel Petr"]
[Black "Horvath Michal"]
[Result "1-0"]
[TimeControl "20+5"]
[WhiteFideId "23730277"]
[WhiteElo "1678"]
[BlackElo "1000"]

1. d4 f5 2. Nc3 Nf6 3. Bg5 g6 4. h4 Bg7 5. h5 Nxh5 6. Rxh5 gxh5 7. e4 d6 8. Qxh5+ Kf8 9. Nd5 Qd7 10. Bxe7+ Qxe7 11.
Nxe7 Kxe7 12. Bc4 Bxd4 13. O-O-O Be5 14. Qf7+ Kd8 15. Nf3 Re8 16. Nxe5 Rxe5 17. Qf6+ Re7 18. exf5 Bd7 19. Re1 Nc6 20.
Bd5 Ne5 21. f4 Bc6 22. fxe5 Kd7 23. Bxc6+ bxc6 24. e6+ Kd8 25. Rh1 Ke8 26. Qh8# 1-0



[ePGN "0.1;DGT LiveChess/2.2.6"]

[Event "MČR juniorů a juniorek v rapid šachu 2024"]
[Site "Hotel Fit Fun, Harrachov, Czech Republic"]
[Date "2024.09.21"]
[Round "2.4"]
[White "Vilimek Vit"]
[Black "Stary Simon"]
[Result "1-0"]
[TimeControl "20+5"]
[WhiteFideId "23718218"]
[BlackFideId "23734353"]
[WhiteElo "2025"]
[BlackElo "1866"]

1. e4 c5 2. b4 cxb4 3.
a3 e6 4. axb4 Bxb4 5. c3 Be7 6. d4 d5 7. e5 Nc6 8. f4 h5 9. Nf3 Nh6 10. Bd3 Nf5 11. O-O Bd7 12. Na3 Rc8 13. Qe1 a6 14. Nc2 Na5 15. Rb1 Qc7 16.
Bd2 Bc6 17. Ne3 Nxe3 18. Bxe3 Nc4 19. f5 Na3 20. Rc1 Bb5 21. Bxb5+ Nxb5 22. Qg3 Rg8 23. fxe6 fxe6 24. Qg6+ Kd7 25.
c4 dxc4 26. d5 exd5 27. Qf5+ Ke8 28.
Qe6 Rf8 29. Ng5 Rxf1+ 30. Rxf1 Rd8 31. Rf8+ 1-0



[ePGN "0.1;DGT LiveChess/2.2.6"]

[Event "MČR juniorů a juniorek v rapid šachu 2024"]
[Site "Hotel Fit Fun, Harrachov, Czech Republic"]
[Date "2024.09.21"]
[Round "2.5"]
[White "Husa Daniel"]
[Black "Stocek Martin"]
[Result "1-0"]
[TimeControl "20+5"]
[WhiteFideId "393487"]
[BlackFideId "380121"]
[WhiteElo "1866"]
[BlackElo "2021"]

1. d4 Nf6 2. Nf3 d5 3. g3 e6 4. Bg2 c5 5. O-O Nc6 6. c4 dxc4 7. dxc5 Qxd1 8. Rxd1 Bxc5 9. Nbd2 c3 10.
bxc3 O-O 11. Nb3 Be7 12. Nfd4 Rd8 13. Bf4 Bd7 14. Nb5 e5 15. Be3 Be8 16. Nc5 b6 17. Ne4 Ng4 18. Ned6 Nxe3 19.
fxe3 Bxd6 20. Nxd6 Bd7 21. Nb7 Be8 22. Nxd8 Rxd8 23. Bxc6 Rxd1+ 24. Rxd1 Bxc6 25. Rd8+ 1-0



[ePGN "0.1;DGT LiveChess/2.2.6"]

[Event "MČR juniorů a juniorek v rapid šachu 2024"]
[Site "Hotel Fit Fun, Harrachov, Czech Republic"]
[Date "2024.09.21"]
[Round "2.6"]
[White "Hosova Sandra"]
[Black "Juhanak Daniel"]
[Result "1-0"]
[TimeControl "20+5"]
[WhiteFideId "397717"]
[BlackFideId "23718765"]
[WhiteElo "1847"]
[BlackElo "1982"]

1. d4 d5 2. Nf3 Nf6 3. e3 c5 4. b3 cxd4 5. Nxd4 e5 6. Ne2 Nc6 7. a3 Bf5 8. Bb2 Bd6 9. Ng3 Qd7 10.
Nc3 O-O 11. Be2 Bg6 12. Nb5 Be7 13. Rc1 a6 14. Nc3 Rfd8 15. Na4 Qc7 16. O-O b5 17. Nc3 Rac8 18. Bg4 d4 19. exd4 Rxd4 20.
Nxb5 Rxd1 21. Nxc7 Rxf1+ 22. Kxf1 Rxc7 23. Be2 a5 24. c3 h5 25. Ke1 h4 26. Nf1 Nd5 27. g3 hxg3 28. hxg3 e4 29. b4 Bf6 30. Ba1 axb4 31. cxb4 Bxa1 32.
Rxa1 Nd4 33. Bd1 Nc3 34. Ne3 Nxd1 35. Rxd1 Nc2+ 36. Nxc2 Rxc2 37. Rb1 Ra2 38. Rb3 Ra1+ 39.
Kd2 Bh5 40. b5 Rd1+ 41. Ke3 Re1+ 42. Kd4 Rd1+ 43. Kxe4 Bg6+ 44. Ke3 Bc2 45. Rb2 Ba4 46. b6 Bc6 47. b7 Bxb7 48. Rxb7 Ra1 49.
Ra7 f6 50. a4 Kh7 51. a5 Kg6 52. a6 Kf5 53. g4+ Ke6 54. Kf4 Ra3 55. Ra8 g5+ 56. Ke4 Ra4+ 57. Kf3 Rf4+ 58. Ke3 Rxg4 59. a7 Kf5 60. Rd8 Re4+ 61. Kd3 Ra4 62. a8=Q Rxa8 63. Rxa8 Kf4 64. Rf8 f5 65. Ke2 Ke4 66. f3+ Kf4 67. Kf2 g4 68. fxg4 Kxg4 69. Ke3 Kg5 70. Rg8+ Kf6 71. Kf4 Kf7 72. Rg5 Ke6 73. Rxf5 Kd6 74. Ke4 Kc6 75. Kd4 Kb6 76. Kc4 Ka6 77.
Kb4 Kb6 78. Rf6+ Kc7 79.
Kb5 Kd7 80. Kc5 Ke7 81. Ra6 Kf7 82. Kd5 Ke7 83. Rb6 Kf7 84. Ke5
Kg7 85. Kf5 Kh7 86. Kg5 Kg7 87. Rb7+ Kf8 88. Kg6 Ke8 89. Kf6 Kd8 90. Rh7 Kc8 91. Ke6 Kb8 92. Kd6 Ka8 93. Kc6 Kb8 94. Rg7 Ka8 95. Kb6 1-0



[ePGN "0.1;DGT LiveChess/2.2.6"]

[Event "MČR juniorů a juniorek v rapid šachu 2024"]
[Site "Hotel Fit Fun, Harrachov, Czech Republic"]
[Date "2024.09.21"]
[Round "2.7"]
[White "Lihotsky Lukas"]
[Black "Urbansky Stepan"]
[Result "1-0"]
[TimeControl "20+5"]
[WhiteFideId "23727004"]
[BlackFideId "23761741"]
[WhiteElo "1975"]
[BlackElo "1837"]

1. d4 Nf6 2. c4 e6 3. Nf3 d5 4. Nc3 c5 5. cxd5 Nxd5 6. e4 Nxc3 7.
bxc3 cxd4 8. cxd4 Bb4+ 9. Bd2 Bxd2+ 10. Qxd2 O-O 11. Bc4 Nd7 12.
O-O b6 13. a4 Bb7 14. Bd3 Nf6 15. Rfe1 Qc7 16. Rac1 Qd7 17. Qb4 Rfd8 18. Bb5 1-0



[ePGN "0.1;DGT LiveChess/2.2.6"]

[Event "MČR juniorů a juniorek v rapid šachu 2024"]
[Site "Hotel Fit Fun, Harrachov, Czech Republic"]
[Date "2024.09.21"]
[Round "2.8"]
[White "Rousek Jan"]
[Black "Dobsa Emma"]
[Result "1-0"]
[TimeControl "20+5"]
[WhiteFideId "386669"]
[BlackFideId "23709391"]
[WhiteElo "1958"]
[BlackElo "1830"]

1. d4 d5 2. Nf3 Nf6 3. g3 c6 4. Bg2 Bf5 5. O-O h6 6. c4 e6 7. Nc3 Nbd7 8. Qb3 Qb6 9. c5 Qxb3 10.
axb3 a6 11. b4 Rc8 12. Nd2 Bc2 13.
e4 Be7 14. exd5 cxd5 15. b5 axb5 16. Re1 b4 17. Nb5 O-O 18. Ra7 Bd3 19. Bf1 Bxb5 20. Bxb5 Rb8 21. Nb3 g5 22. h4 gxh4 23. Bxh6 hxg3 24. Bxf8 gxf2+ 25. Kxf2 Nxf8 26. Rg1+ Ng6 27. Bd3 Kg7 28. c6 Bd6 29. Rxb7 Rxb7 30. cxb7 Nd7 31. Ke2 Kf6 32. Bxg6 fxg6 33. Nc5 Nb8 34. Ra1 e5 35.
Ra8 exd4 36. Rxb8 Bxc5 37. Ra8 Bd6 38. Ra6 1-0



[ePGN "0.1;DGT LiveChess/2.2.6"]

[Event "MČR juniorů a juniorek v rapid šachu 2024"]
[Site "Hotel Fit Fun, Harrachov, Czech Republic"]
[Date "2024.09.21"]
[Round "2.9"]
[White "Hozda Max"]
[Black "Nespurek Jakub"]
[Result "1-0"]
[TimeControl "20+5"]
[WhiteFideId "23725958"]
[BlackFideId "391816"]
[WhiteElo "1939"]
[BlackElo "1817"]

1. d4 g6 2. c4 d6 3. Nf3 Bg7 4. g3 Nd7 5. Bg2 c5 6. O-O Ngf6 7. Nc3 O-O 8. d5 Nb6 9. Nd2 Bd7 10.
e4 Qc8 11. a4 Bh3 12. a5 Bxg2 13. Kxg2 Nbd7 14. f4 b6 15. Nf3 a6 16. Qe2 bxa5 17. e5 Ne8 18. e6 Nb6 19. exf7+ Rxf7 20.
Ng5 Rf8 21. Ne6 Rf7 22. Ne4 h6 23. Rxa5 Nc7 24. Nxg7 Kxg7 25. b3 Qd7 26. Bb2+ Kh7 27. Raa1 Raf8 28. Rae1 a5 29. Qd3 Na6 30.
Ra1 Nb4 31. Qc3 Qf5 32. Nf2 Qc2 33. Rxa5 Qxc3 34. Bxc3 Nc2 35. Nd1 g5 36. Ra2 Nb4 37. Raf2 Nd3 38. Rf3 Nc1 39. Bb2 g4 40.
Re3 Na2 41. Rfe1 Nc8 42. Nf2 Nb4 43. R1e2 Rd8 44. Nxg4 Rd7 45. Re6 h5 46. Rh6+ Kg8 47. Rh8# 1-0



[ePGN "0.1;DGT LiveChess/2.2.6"]

[Event "MČR juniorů a juniorek v rapid šachu 2024"]
[Site "Hotel Fit Fun, Harrachov, Czech Republic"]
[Date "2024.09.21"]
[Round "3.1"]
[White "Bartak Josef"]
[Black "Hak David"]
[Result "0-1"]
[TimeControl "20+5"]
[WhiteFideId "23712252"]
[BlackFideId "377007"]
[WhiteElo "1902"]
[BlackElo "2103"]

1. e4 c5 2. Nc3 Nc6 3.
g3 g6 4. Bg2 Bg7 5. d3 d6 6. f4 e6 7. Nf3 Nge7 8. O-O O-O 9. Be3 Rb8 10. Rb1 b5 11. d4 d5 12. exd5 Nf5 13.
Bf2 Ncxd4 14. Ne5 b4 15. Ne4 Bb7 16. Nxc5 Bxd5 17. Ne4 Nc6 18. Nxc6 Bxc6 19. Bxa7 Qa5 20. Bxb8 Qb6+ 21. Kh1 Ne3 22. Qf3 Nxg2 23. Kxg2 f5 24.
Ba7 Qb7 25. Kg1 Qxa7+ 26. Qf2 Bd4 0-1



[ePGN "0.1;DGT LiveChess/2.2.6"]